AoeStats
← theodb

Black Forest

510205290Analyzed
2v2 RM · 3d ago on Sep 29, 2026· 64m 42s· 4 players
Game mode
Random Map
Map size
Medium (4 player)
Population
200
Speed
Normal
Resources
Standard
Victory
Conquest
Starting age
Dark Age
Ending age
Imperial Age
RankedLock teamsTeams togetherTeam positionsShared explorationLock speedFull tech treeHidden civsTurbo modeCheats
Victory
Defeat
🇦🇷 Persians · Argentina
1067
+16
🇦🇷 Malay · Argentina
1066
+16
🇨🇱 Ethiopians · Chile
1106
-17
🇺🇸 Japanese · United States
1033
-15
QangrY
0:29 Loom
16:22 Feudal Age
21:40 Castle Age
24:14 Double-Bit Axe
34:59 Imperial Age
32:58 Gold Mining
32:53 Horse Collar
36:38 Forging
37:31 Gold Shaft Mining
39:06 Iron Casting
39:29 Wheelbarrow
38:44 Town Watch
39:24 Squires
39:10 Arson
45:49 Blast Furnace
45:03 Elite Karambit Warrior
ramairo
3:45 Loom
12:17 Feudal Age
13:28 Feudal Age
14:53 Double-Bit Axe
20:18 Castle Age
18:09 Horse Collar
18:45 Scale Barding Armor
18:52 Forging
19:17 Gold Mining
21:58 Chain Barding Armor
21:54 Bloodlines
22:08 Husbandry
22:56 Bow Saw
27:53 Wheelbarrow
28:44 Heavy Plow
30:06 Town Watch
30:23 Gold Mining
33:20 Imperial Age
33:08 Iron Casting
32:59 Onager
33:51 Cavalier
35:59 Plate Barding Armor
36:26 Blast Furnace
35:19 Fletching
38:43 Two-Man Saw
37:27 Savar
38:29 Padded Archer Armor
38:54 Hand Cart
40:05 Stone Mining
40:59 Gold Shaft Mining
41:18 Conscription
42:00 Murder Holes
53:17 Light Cavalry
56:40 Hussar
64:30 Heavy Scorpion
theodb
3:14 Loom
11:56 Feudal Age
13:12 Wheelbarrow
14:01 Double-Bit Axe
20:17 Castle Age
18:38 Horse Collar
18:57 Gold Mining
20:06 Stone Mining
21:46 Heavy Plow
21:58 Bow Saw
25:27 Hand Cart
25:36 Town Watch
35:43 Imperial Age
33:38 Ballistics
33:25 Fletching
33:24 Treadmill Crane
33:56 Masonry
34:36 Guard Tower
34:45 Murder Holes
35:38 Gold Shaft Mining
35:47 Town Patrol
36:00 Bodkin Arrow
37:09 Bracer
37:01 Arrowslits
37:49 Caravan
39:23 Chemistry
39:04 Keep
38:43 Fortified Wall
39:38 Pikeman
40:19 Squires
40:06 Arson
40:09 Gambesons
41:04 Conscription
40:47 Yasama
40:44 Halberdier
42:08 Hoardings
41:41 Padded Archer Armor
41:41 Scale Mail Armor
43:58 Elite Samurai
49:19 Kataparuto
50:05 Kataparuto
52:05 Elite Skirmisher
52:51 Thumb Ring
57:05 Chain Mail Armor
57:06 Leather Archer Armor
57:03 Forging
60:24 Ring Archer Armor
60:25 Plate Mail Armor
60:30 Iron Casting
Sir GUERRERO
6:43 Loom
13:10 Feudal Age
17:46 Padded Archer Armor
17:37 Fletching
17:10 Man-at-Arms
17:25 Man-at-Arms
20:20 Castle Age
18:50 Horse Collar
19:56 Double-Bit Axe
20:24 Crossbowman
20:32 Man-at-Arms
32:39 Wheelbarrow
36:39 Imperial Age
35:15 Leather Archer Armor
36:44 Bodkin Arrow
36:50 Scale Mail Armor
37:01 Forging
36:53 Onager
37:13 Arbalester
39:19 Ring Archer Armor
38:49 Bracer
39:07 Thumb Ring
39:40 Ballistics
40:23 Chain Mail Armor
40:44 Iron Casting
41:06 Town Watch
41:38 Hand Cart
43:36 Heated Shot
45:11 Plate Mail Armor
45:41 Blast Furnace
46:27 Chemistry
46:24 Caravan
49:21 Blast Furnace
Connection lost

Rejoining the realm…

Still unreachable

The connection could not be restored.

Session expired

The server has moved on; the page needs a fresh start.